 Dungeon Crawl Stone Soup version 0.31.0-32-g396128a36d (webtiles) character file.

Game seed: 9437289503901873836

58 jagang the Slasher (level 4, -1/36 HPs)
             Began as a Human Monk on Mar 19, 2024.
             Slain by Grinder (7 damage)
             ... while paralysed by Grinder
             ... on level 3 of the Dungeon.
             The game lasted 00:02:38 (1774 turns).

jagang the Slasher (Human Monk)                     Turns: 1774, Time: 00:02:38

Health: -1/36      AC:  9    Str: 11    XL:     4   Next: 1%
Magic:  4/4        EV:  2    Int: 11    God:
Gold:   41         SH:  0    Dex: 17    Spells: 3/3 levels left

rFire   . . .        a - +0 falchion
rCold   . . .        d - orb {light}
rNeg    . . .        l - +0 chain mail
rPois   .            (no helmet)
rElec   .            (no cloak)
rCorr   .            h - +0 pair of gloves
SInv    .            (no boots)
Will    .....        (no amulet) Stlth
                     (no ring)
HPRegen 0.26/turn    (no ring)
MPRegen 0.09/turn

%: no passive effects
@: paralysed, glowing
A: explore regen
a: no special abilities


You were on level 3 of the Dungeon.
You visited 1 branch of the dungeon, and saw 3 of its levels.

You collected 41 gold pieces.

Inventory:

Hand Weapons
 a - a +0 falchion (weapon)
 i - a +2 mace of draining
Armour
 d - an orb of light (worn)
 h - a +0 pair of gloves (worn)
 l - a +0 chain mail (worn)
Jewellery
 k - a ring of magical power
Talismans
 m - a granite talisman
Scrolls
 b - a scroll of teleportation {unknown}
 g - a scroll of identify {unknown}
 j - 3 scrolls of amnesia {unknown}
 n - 2 scrolls of immolation {unknown}
Potions
 c - a potion of ambrosia
 e - 2 potions of might {unknown}
 f - a potion of berserk rage {unknown}
 o - a potion of curing {unknown}
 p - a potion of resistance {unknown}
 q - a potion of haste {unknown}
 r - a potion of attraction {unknown}


   Skills:
 + Level 3.6 Fighting
 + Level 4.1 Long Blades
 - Level 3.0 Dodging
 * Level 0.7 Shapeshifting


You had 3 spell levels left.
You didn't know any spells.
Your spell library contained the following spells:

 Spells                   Type           Power      Damage    Failure   Level
 Freeze                   Ice            0%         1d3       100%        1
 Frozen Ramparts          Ice            0%         1d1       100%        3
 Hailstorm                Conj/Ice       0%         3d5       100%        3


Dungeon Overview and Level Annotations

Branches:
Dungeon (3/15)

Altars:

Annotations:
D:3 Grinder


Innate Abilities, Weirdness & Mutations

You regain HP and MP as you explore.


Message History

Grinder hits you but does no damage.
You can move again.
You hit Grinder.
Grinder is moderately wounded.
Grinder hits you!
You writhe in agony.
You barely miss Grinder.
Grinder is moderately wounded.
Grinder hits you.
You writhe in agony.
You hit Grinder.
Grinder is heavily wounded.
Grinder hits you.
You writhe in agony.
You are too injured to fight recklessly!
You are too injured to fight recklessly!
You are too injured to fight recklessly!
You are too injured to fight recklessly!
You are too injured to fight recklessly!
You are too injured to fight recklessly!
You are too injured to fight recklessly!
You are too injured to fight recklessly!
You are too injured to fight recklessly!
You are too injured to fight recklessly!
You are too injured to fight recklessly!
You are too injured to fight recklessly!
Unknown command.
You are too injured to fight recklessly!
You are too injured to fight recklessly!
You are too injured to fight recklessly!
You are too injured to fight recklessly!
You are too injured to fight recklessly!
You hit Grinder.
Grinder is heavily wounded.
Grinder gestures at you.
You suddenly lose the ability to move!
Grinder gestures at you. Pain shoots through your body!
* * * LOW HITPOINT WARNING * * *
Grinder hits you but does no damage. Grinder hits you!
You die...
Grinder says, "Now the real fun starts!"

#.#......##
##.#..>....#
#..........#
#.####..#.......#
.......<#......##
#..########.#.##
# ###.#.# #...#.#
#@###.# ##### #5#
#.$.. #.# .###
#.# ## ... #. ##.
#. . # .#


You could see Grinder.

Vanquished Creatures
  2 adders (D:2)
  A ribbon worm (D:2)
  A dart slug (D:2)
  2 ball pythons
  2 bats
  4 endoplasms
  A giant cockroach (D:2)
  3 goblins
  3 hobgoblins
  4 jackals (D:1)
  2 kobolds (D:1)
  A quokka (D:2)
  2 frilled lizards
  3 rats
31 creatures vanquished.

Notes
Turn   | Place    | Note
-------+----------+-------------------------------------------
     0 | D:1      | jagang the Human Monk began the quest for the Orb.
     0 | D:1      | Reached XP level 1. HP: 18/18 MP: 1/1
   178 | D:1      | Reached XP level 2. HP: 17/24 MP: 2/2
   915 | D:2      | Reached XP level 3. HP: 29/29 MP: 3/3
  1152 | D:2      | Reached skill level 4 in Long Blades
  1719 | D:3      | Noticed a water moccasin
  1748 | D:3      | Reached XP level 4. HP: 36/36 MP: 4/4
  1761 | D:3      | Noticed Grinder
  1766 | D:3      | Paralysed by Grinder for 3 turns
  1772 | D:3      | Paralysed by Grinder for 5 turns
  1774 | D:3      | Slain by Grinder

Illustrated notes

Levels and vault maps discovered:
D:1:      shiori_arrival_maze, layout_basic
D:2:      wander_river, layout_basic
D:3:      cheibrodos_helix_gallery, layout_loops_ring, uniq_grinder

Skill      XL: |  1  2  3 |
---------------+----------+-----
Long Blades    | 4 |  4.1
Fighting       | |  3.6
Dodging        | |  3.0
Shapeshifting  | |  0.7

Action                     |  1- 3 |  4- 6 || total
---------------------------+-------+-------++-------
  Melee: Falchion          |    75 |     8 ||    83
 Armour: Robe              |    10 |       ||    10
         Chain mail        |    36 |     8 ||    44
  Dodge: Dodged            |    43 |     2 ||    45
